 Dungeon Crawl Stone Soup version 0.23-a0-395-gcf17ac6 (webtiles) character file.

68 Azzok the Firebug (level 4, 30/30 HPs)
             Began as a Demonspawn Fire Elementalist on Nov 1, 2018.
             Quit the game on level 2 of the Dungeon.
             The game lasted 00:03:25 (2613 turns).

Azzok the Firebug (Demonspawn Fire Elementalist)    Turns: 2613, Time: 00:03:25

Health: 30/30      AC:  2    Str:  8    XL:     4   Next: 1%
Magic:  7/7        EV: 12    Int: 18    God:
Gold:   161        SH:  0    Dex: 13    Spells: 3/7 levels left

rFire    + . .     SeeInvis .   g - +0 mace
rCold    x . .     Gourm    .   (no shield)
rNeg     . . .     Faith    .   a - +0 robe
rPois    .         Spirit   +   (no helmet)
rElec    .         Reflect  .   (no cloak)
rCorr    .         Harm     .   (no gloves)
MR       .....                  (no boots)
Stlth    ++........             (no amulet)
HPRegen  0.10/turn              q - ring of fire
MPRegen  0.10/turn              (no ring)

@: no status effects
A: powered by pain 1, magic shield
a: no special abilities


You were on level 2 of the Dungeon.
You were not hungry.

You visited 1 branch of the dungeon, and saw 2 of its levels.

You collected 161 gold pieces.

Inventory:

Hand Weapons
 g - a +0 mace (weapon)
Armour
 a - a +0 robe (worn)
Jewellery
 q - a ring of fire (left hand)
Scrolls
 b - a scroll of remove curse {unknown}
 f - a scroll of teleportation {unknown}
 i - a scroll of noise {unknown}
 n - a scroll of identify {unknown}
 r - a scroll of blinking {unknown}
Potions
 d - a potion of invisibility {unknown}
 e - a potion of brilliance {unknown}
 h - a potion of curing {unknown}
 j - a potion of berserk rage {unknown}
 k - a potion of agility {unknown}
 l - 2 potions of degeneration {unknown}
 m - a potion of magic {unknown}
 o - a potion of heal wounds {unknown}
 s - a potion of ambrosia {unknown}
 t - a potion of might {unknown}
Comestibles
 c - 5 rations
 p - 2 chunks of flesh


   Skills:
 - Level 1.7 Dodging
 - Level 1.7 Stealth
 - Level 2.0 Spellcasting
 + Level 2.7 Conjurations
 + Level 3.7 Fire Magic


You had 3 spell levels left.
You knew the following spells:

 Your Spells              Type           Power        Failure   Level  Hunger
a - Flame Tongue          Conj/Fire      ###..        4%          1    #......
b - Conjure Flame         Conj/Fire      ###.....     14%         3    ###....

Your spell library contained the following spells:

 Spells                   Type           Power        Failure   Level  Hunger
 Magic Dart               Conj           ##..         6%          1    #......
 Throw Flame              Conj/Fire      ###...       8%          2    ###....
 Blink                    Tloc           N/A          26%         2    ###....
 Call Imp                 Summ           #.......     26%         2    ###....
 Slow                     Hex            #.......     26%         2    ###....
 Inner Flame              Hex/Fire       ##......     26%         3    ###....
 Mephitic Cloud           Conj/Pois/Air  #.......     36%         3    ###....
 Sticky Flame             Conj/Fire      ###.....     43%         4    #####..
 Fireball                 Conj/Fire      ###.......   80%         5    ######.


Dungeon Overview and Level Annotations

Branches:
Dungeon (2/15)

Altars:


Innate Abilities, Weirdness & Mutations

You sometimes gain a little power by taking damage.
When hurt, damage is shared between your health and your magic reserves.


Message History

You butcher the hobgoblin corpse.
p - 2 chunks of flesh You see here a hobgoblin skeleton.
c - 5 rations (gained 1)
Found 13 arrows.
You open the door.
There is an open door here.
There is an open door here.
You see here 13 arrows.
You see here 13 arrows.
You see here a hobgoblin skeleton.
You open the door.
There is an open door here.
There is an open door here.
There is an open door here.
There is an open door here.
You see here 19 arrows.
Found a buckler.
t - a viscous blue potion Are you sure you want to abandon this character and quit the game? (Confirm

▒·········▒▒▒▒
'·········'··▒ [▒
▒·········▒▒▒▒ ▒·▒
▒▒·······▒▒
▒▒▒▒▒··▒▒ ▒▒·····▒▒
▒·······▒ ▒▒···▒▒
▒·······▒
▒▒'▒▒▒▒▒▒▒▒·······▒
▒▒▒▒▒·······▒▒·····▒
············▒ ▒@▒
·▒▒▒········▒▒▒▒·▒
·▒▒▒········(····▒
·▒··········▒▒▒▒▒▒
··▒▒▒·······▒ ··▒
▒·······▒
··▒▒▒·▒▒▒▒▒▒▒
·····▒▒ ▒▒▒▒▒▒


There were no monsters in sight!

Vanquished Creatures
  A worm (D:2)
  2 dart slugs (D:2)
  2 leopard geckos
  A ball python (D:2)
  4 giant cockroaches
  4 goblins
  6 hobgoblins
  9 jackals (D:2)
  7 kobolds
  5 bats
  7 frilled lizards
  8 rats
56 creatures vanquished.

Notes
Turn   | Place    | Note
-------+----------+-------------------------------------------
     0 | D:1      | Azzok the Demonspawn Fire Elementalist began the quest for
                  | the Orb.
     0 | D:1      | Reached XP level 1. HP: 13/13 MP: 3/3
   355 | D:1      | Reached skill level 3 in Fire Magic
   421 | D:1      | Gained mutation: When hurt, damage is shared between your
                  | health and your magic reserves. [demonic ancestry]
   421 | D:1      | Reached XP level 2. HP: 19/19 MP: 3/5
  1507 | D:2      | Reached XP level 3. HP: 24/24 MP: 4/6
  1743 | D:2      | Learned a level 3 spell: Conjure Flame
  2427 | D:2      | Gained mutation: You sometimes gain a little power by
                  | taking damage. [demonic ancestry]
  2427 | D:2      | Reached XP level 4. HP: 30/30 MP: 4/7
  2613 | D:2      | Quit the game

Vault maps used:
D:1:      dpeg_arrival_water_fire
D:2:      lemuel_blue_sif_altar, first_ration

Skill      XL: |  1  2 |
---------------+-------+-----
Fire Magic     | 3 |  3.7
Conjurations   | 2 |  2.7
Dodging        | |  1.7
Stealth        | |  1.7
Spellcasting   | |  2.0

Action                   |  1- 3 |  4- 6 || total
-------------------------+-------+-------++-------
Melee: Mace              |    15 |       ||    15
       Unarmed           |     3 |       ||     3
 Cast: Flame Tongue      |    73 |     1 ||    74
  Eat: Chunk             |     6 |       ||     6
Armor: Robe              |     9 |       ||     9
Dodge: Dodged            |    30 |       ||    30

Table legend:
 A = Non-vault XP
 B = Vault XP
 C = Vault XP percentage of total XP
 D = Non-vault monster count
 E = Vault monster count
 F = Vault count percentage of total count
                 A         B        C        D         E       F
            +---------+---------+-------+---------+---------+-------
      Total |      98 |       0 |   0.0 |      56 |       0 |   0.0
            +---------+---------+-------+---------+---------+-------
        D:1 |      37 |       0 |   0.0 |      25 |       0 |   0.0
        D:2 |      61 |       0 |   0.0 |      31 |       0 |   0.0
            +---------+---------+-------+---------+---------+-------
